 Dungeon Crawl Stone Soup version 0.19-a0-526-gbe2e51c (webtiles) character file.

191 mistymad the Vexing (level 5, 0/37 HPs)
             Began as a Vampire Enchanter on June 7, 2016.
             Slain by an orc warrior
             ... wielding a +0 hand axe
              (9 damage)
             ... on level 2 of the Dungeon.
             The game lasted 00:11:31 (3057 turns).

mistymad the Vexing (Vampire Enchanter)             Turns: 3057, Time: 00:11:32

Health: 0/37       AC:  0    Str:  7    XL:     5   Next: 41%
Magic:  2/8        EV: 22    Int: 18    God:
Gold:   82         SH:  0    Dex: 20    Spells: 4 memorised, 0 levels left

rFire  . . .     SeeInvis +     (weapon currently unavailable)
rCold  + . .     Gourm    .     (armour currently unavailable)
rNeg   + + .     Faith    .     (shield currently unavailable)
rPois  +         Spirit   .     (helmet currently unavailable)
rElec  .         Dismiss  .     (cloak currently unavailable)
rCorr  .         Reflect  .     (gloves currently unavailable)
SustAt .         Harm     .     (boots currently unavailable)
MR     .....                    (no amulet)
Stlth  ++++......               (ring currently unavailable)
                                (ring currently unavailable)

@: bat-form, flying, regenerating slowly, very quick, not resistant to hostile
enchantments, stealthy
A: fangs 3, see invisible, (unbreathing)
a: End Transformation


You were on level 2 of the Dungeon.
You were very thirsty.
You were in vampire-bat-form.
You visited 1 branch of the dungeon, and saw 3 of its levels.
You also visited: Sewer.

You collected 82 gold pieces.

Inventory:

Hand Weapons
 a - a +1 dagger (melded)
 n - a cursed -2 dagger
 r - a +2 dagger of venom
 z - a +0 blowgun
Missiles
 t - 29 poisoned needles
Armour
 b - a +1 robe (melded)
 w - a +1 helmet
Scrolls
 e - 3 scrolls of identify {unknown}
 f - 3 scrolls of teleportation {unknown}
 h - a scroll of fog {unknown}
 i - a scroll of remove curse {unknown}
 m - a scroll of noise {unknown}
 o - 2 scrolls of enchant armour {unknown}
 v - 2 scrolls of magic mapping {unknown}
 y - a scroll of immolation {unknown}
Potions
 d - 16 potions of blood
 g - 5 potions of curing {unknown}
 j - a potion of resistance {unknown}
 k - a potion of berserk rage {unknown}
 l - a potion of degeneration {unknown}
 p - a potion of cure mutation {unknown}
 q - 2 potions of brilliance {unknown}
 s - a potion of haste {unknown}
 u - a potion of flight {unknown}
 x - 3 potions of heal wounds {unknown}
 A - 4 potions of agility {unknown}
Books
 c - a book of Maledictions

   Spells                             Type                      Level
   a - Corona                         Hexes                        1
   b - Ensorcelled Hibernation        Hexes/Ice                    2
   c - Confuse                        Hexes                        3
   d - Tukima's Dance                 Hexes                        3
   e - Dazzling Spray                 Conjuration/Hexes            3


   Skills:
 + Level 1.5 Fighting
 + Level 2.5 Short Blades
 + Level 3.5 Dodging
 + Level 5.3 Stealth
 + Level 2.5 Spellcasting
 + Level 5.5 Hexes


You couldn't memorise any spells.
You knew the following spells:

 Your Spells              Type           Power        Failure   Level  Hunger
a - Corona                Hex            ###....      1%          1    #......
b - Ensorcelled Hibernat  Hex/Ice        ##....       12%         2    ##.....
c - Confuse               Hex            ###.....     6%          3    ###....
d - Tukima's Dance        Hex            ###.....     6%          3    ###....


Dungeon Overview and Level Annotations

Branches:
Dungeon (3/15)

Altars:
Trog


Innate Abilities, Weirdness & Mutations

You heal slowly.
You have razor-sharp teeth.
You have supernaturally acute eyesight. (SInv)
((You can survive without breathing.))


Message History

The orc warrior barely misses you.
You closely miss the orc warrior.
The orc warrior is almost dead.
The orc warrior hits you with a hand axe!
* * * LOW HITPOINT WARNING * * *
You take 14 damage, and have 11/37 hp.
MASSIVE DAMAGE!!
You hit the orc warrior but do no damage.
The orc warrior is almost dead.
The orc warrior hits you with a hand axe.
* * * LOW HITPOINT WARNING * * *
You take 3 damage, and have 8/37 hp.
The orc warrior hits you with a hand axe.
* * * LOW HITPOINT WARNING * * *
You take 1 damage, and have 7/37 hp.
One of your 17 potions of blood rots away.
You see here a short sword.
You turn into a vampire bat.
Your +1 dagger melds into your body.
Your +1 robe melds into your body.
The orc warrior hits you with a hand axe!
You die...

#.........#.#
##.........#.#
...........#.#
.....†.....#.##########
...........#.#.#......#
...........#.#.#.#.####
...........#.#.#.#.#
##.........#.#.#o#.#
###+########.#.#b#.#
..#.# #.#.#.#.# ..#.#
#.#.#.#.### ..#.#
#.#.#.....# ..#.#
#.#.###.#.#
..#.########.#.# #.#.#
.............#.###)#.#
#.#'##########......(#
........# #####.###


You could see an orc warrior.

Vanquished Creatures
  A big kobold (Sewer)
  4 adders
  An ooze (Sewer)
  2 worms (D:2)
  A dart slug (D:1)
  2 giant geckos (D:2)
  4 giant cockroaches
  8 goblins
  3 hobgoblins
  4 jackals (D:2)
  5 ball pythons
  11 bats
  2 giant newts
  19 kobolds
  7 rats
74 creatures vanquished.

Notes
Turn   | Place    | Note
--------------------------------------------------------------
     0 | D:1      | mistymad the Vampire Enchanter began the quest for the Orb.
     0 | D:1      | Reached XP level 1. HP: 13/13 MP: 3/3
   423 | D:1      | Reached XP level 2. HP: 19/20 MP: 3/5
   600 | D:1      | Learned a level 2 spell: Ensorcelled Hibernation
   628 | D:2      | Found a bloodstained altar of Trog.
   647 | D:2      | Reached skill level 1 in Fighting
   799 | D:2      | Reached XP level 3. HP: 25/26 MP: 3/6
  1645 | D:1      | Learned a level 3 spell: Confuse
  1807 | D:2      | Reached skill level 5 in Hexes
  1979 | D:2      | Reached XP level 4. HP: 32/32 MP: 2/7
  2156 | D:3      | Found a glowing drain.
  2312 | Sewer    | Entered a sewer
  2581 | Sewer    | Reached skill level 5 in Stealth
  2713 | Sewer    | Noticed a big kobold
  2757 | Sewer    | Killed a big kobold
  2757 | Sewer    | Reached XP level 5. HP: 23/37 MP: 1/8
  2932 | D:3      | Learned a level 3 spell: Tukima's Dance
  2948 | D:3      | Noticed an orc warrior
  3057 | D:2      | Slain by an orc warrior

Vault maps used:
D:1:      minmay_arrival_diagonal_passages, minivault_23
D:2:      old_standard_altar
D:3:      gup_sewer_entry_glass
Sewer:    kennysheep_pipe_town

Skill      XL: |  1  2  3  4 |
---------------+-------------+-----
Fighting       | 1 |  1.5
Dodging        | 3 |  3.5
Hexes          | 5 |  5.5
Short Blades   | 2 |  2.5
Stealth        | 5 |  5.3
Spellcasting   | |  2.5

Action                   |  1- 3 |  4- 6 || total
-------------------------+-------+-------++-------
Melee: Dagger            |   100 |   100 ||   200
       Bite              |     6 |     5 ||    11
 Cast: Corona            |     1 |       ||     1
       Ensorcelled Hiber |    22 |    25 ||    47
       Confuse           |       |     1 ||     1
 Abil: Bat Form          |       |     1 ||     1
  Use: Potion            |     2 |     2 ||     4
 Stab: Sleeping          |    27 |    22 ||    49
       Distracted        |     1 |       ||     1
Armor: Robe              |    24 |    14 ||    38
Dodge: Dodged            |    65 |    87 ||   152
